Map: Inside and Out

Players

IIIIIIIIIIII - Winner!

  • Race: Terran Terran
  • League: Master
  • Spawn Location: 7:00

VOD

Have the link to the VOD?

Description

TY 3 rax variant

Time

  • Played on: Nov. 23, 2022, 10:26 p.m.
  • Length: 4:59
Show
View Real Time Build Order
Export as new Build Order

IIIIIIIIIIII Terran - Winner!

Build Orders:  

Get SALT Encoding   

  12  0:02  SCV  
  12  0:14  SCV  
  12  0:18  Supply Depot  
  12  0:27  SCV  
  12  0:40  SCV  
  12  0:42  Barracks  
  12  0:45  Refinery  
  12  0:52  SCV  
  12  1:04  SCV  
  12  1:16  SCV  
  12  1:28  Orbital Command  
  12  1:29  Marine  
  12  1:44  Command Center  
  12  1:54  Barracks Reactor  
  12  1:55  SCV  
  12  2:00  Supply Depot  
  12  2:07  SCV  
  12  2:14  Barracks  
  12  2:19  SCV  
  12  2:24  Barracks  
  12  2:30  Marine x2  
  12  2:32  SCV  
  12  2:41  Supply Depot  
  12  2:45  SCV  
  12  2:48  Marine x2  
  12  2:57  Orbital Command  
  12  3:00  SCV  
  12  3:03  Barracks Tech Lab  
  12  3:08  Supply Depot  
  12  3:09  Marine  
  12  3:10  Marine  
  12  3:12  Barracks Tech Lab  
  12  3:16  SCV  
  12  3:22  Marine  
  12  3:25  SCV  
  12  3:29  Marine x2  
  12  3:30  SCV  
  12  3:32  Marine  
  12  3:35  Combat Shield  
  12  3:37  SCV  
  12  3:40  Marine  
  12  3:43  SCV  
  12  3:47  Marine x2  
  12  3:51  Marauder  
  12  3:52  SCV  
  12  3:58  SCV  
  12  3:59  Supply Depot, Marauder  
  12  4:04  SCV  
  12  4:07  Marine x2  
  12  4:10  SCV  
  12  4:14  Marauder  
  12  4:18  SCV  
  12  4:22  SCV, Marine  
  12  4:23  Factory  
  12  4:28  Marine x2  
  12  4:36  SCV x2  
  12  4:38  Supply Depot  
  12  4:40  Refinery  
  12  4:50  Engineering Bay  
  12  4:58  Supply Depot  
Tags
 
Add a new tag
Caveats
  • Supply blocks, unpowered buildings, or Contaminate may cause inaccurate times.
  • Supply counts are checked every 10 seconds.